 Dungeon Crawl Stone Soup version 0.31-a0-1110-gab2881137f (webtiles) character file.

Game seed: 11788890064848565210

416242 MacCMillion the Sorcerer (level 22, -5/127 HPs)
             Began as a Deep Elf Conjurer on Dec 3, 2023.
             Was the Champion of Vehumet.
             Slain by an ironbound preserver
             ... wielding a +0 morningstar
              (19 damage)
             ... on level 5 of the Vaults.
             The game lasted 03:04:29 (63381 turns).

MacCMillion the Sorcerer (Deep Elf Conjurer)       Turns: 63381, Time: 03:04:30

Health: -5/127     AC: 14    Str:  8    XL:     22   Next: 56%
Magic:  30/49      EV: 24    Int: 50    God:    Vehumet [******]
Gold:   4266       SH:  0    Dex: 17    Spells: 18/64 levels left

rFire   + . .        U - staff of air
rCold   + . .        r - orb of Least Resistance {*Rage, rF+ Will+ Int+3}
rNeg    . . .        R - +4 robe of Augmentation {Str+4 Int+4 Dex+4}
rPois   .            B - +2 helmet {SInv}
rElec   +            (no cloak)
rCorr   .            I - +2 pair of gloves
SInv    +            Z - +2 pair of boots
Will    +++..        D - amulet of magic regeneration
Stlth   +++          z - ring of protection from cold
HPRegen 0.41/turn    M - +8 ring of intelligence
MPRegen 0.71/turn

%: random rage (23%)
@: lethally poisoned (-5 -> -7), radiating poison
A: berserk 1, deformed body
}: 2/15 runes: decaying, gossamer
a: Renounce Religion


You were on level 5 of the Vaults.
You worshipped Vehumet.
Vehumet was exalted by your worship.
You visited 9 branches of the dungeon, and saw 43 of its levels.
You visited the Abyss 1 time.
You also visited: Bailey, Gauntlet and Wizlab.

You collected 5607 gold pieces.
You spent 1341 gold pieces at shops.

Inventory:

Hand Weapons
 L - a +3 dagger of freezing
Armour
 r - the orb of Least Resistance (worn) {*Rage, rF+ Will+ Int+3}
   (You found it on level 1 of the Spider Nest)

   Int+3:     It affects your intelligence (+3).
   rF+:       It protects you from fire.
   Will+:     It increases your willpower.
 B - a +2 helmet of see invisible (worn)
 I - a +2 pair of gloves (worn)
 R - the +4 robe of Augmentation (worn) {Str+4 Int+4 Dex+4}
   (You found it in a Gauntlet)

   Str+4:     It affects your strength (+4).
   Int+4:     It affects your intelligence (+4).
   Dex+4:     It affects your dexterity (+4).
 Z - a +2 pair of boots (worn)
Magical Staves
 U - a staff of air (weapon)
 Y - the staff of Innocence {rElec rC+ rCorr Str-4 Earth}
   (You found it in a Gauntlet)

   [staff of earth]

   Base accuracy: +5 Base damage: 5 Base attack delay: 1.2 This weapon's minimum
   attack delay (0.6) is reached at skill level 12.
   Str-4:     It affects your strength (-4).
   rC+:       It protects you from cold.
   rElec:     It insulates you from electricity.
   rCorr:     It protects you from acid and corrosion.
   Earth:     It increases the power of your Earth spells.
   It falls into the 'Staves' category.
   It is a one-handed weapon.
Jewellery
 a - a ring of fire
 o - the ring of Buheitso {Fly rN+ Will+ Str+2}
   (You found it in a Gauntlet)

   [ring of positive energy]

   Str+2:     It affects your strength (+2).
   rN+:       It protects you from negative energy.
   Will+:     It increases your willpower.
   Fly:       It grants you flight.
 w - a ring of protection from fire
 x - a ring of resist corrosion
 y - a ring of magical power
 z - a ring of protection from cold (left hand)
 D - an amulet of magic regeneration (around neck)
 M - a +8 ring of intelligence (right hand)
 P - the ring "Raomp" {rPois Str+2}
   (You found it in a wizard's laboratory)

   [ring of poison resistance]

   Str+2:     It affects your strength (+2).
   rPois:     It protects you from poison
 S - the ring of Nuejin {rN+ Stlth+}
   (You found it in a Gauntlet)

   [ring of positive energy]

   rN+:       It protects you from negative energy.
   Stlth+:    It makes you more stealthy.
Wands
 d - a wand of mindburst (37)
 q - a wand of paralysis (42)
 A - a wand of roots (7)
 E - a wand of acid (26)
 V - a wand of digging (5)
Scrolls
 c - 5 scrolls of amnesia
 f - 6 scrolls of poison
 g - 5 scrolls of blinking
 h - 6 scrolls of noise
 k - 17 scrolls of teleportation
 l - 6 scrolls of revelation
 n - 8 scrolls of fear
 p - 3 scrolls of torment
 s - 5 scrolls of brand weapon
 v - 5 scrolls of immolation
 C - 8 scrolls of vulnerability
 H - 3 scrolls of summoning
 N - 8 scrolls of fog
 Q - 6 scrolls of enchant armour
 T - 3 scrolls of silence
Potions
 b - 4 potions of magic
 i - 5 potions of cancellation
 j - 19 potions of curing
 m - 8 potions of attraction
 t - 10 potions of heal wounds
 u - 6 potions of lignification
 F - 4 potions of invisibility
 G - 5 potions of haste
 J - 9 potions of resistance
 K - 9 potions of mutation
 O - 3 potions of ambrosia
 W - 3 potions of enlightenment
 X - 5 potions of brilliance
Miscellaneous
 e - a sack of spiders


   Skills:
 - Level 10.0 Fighting
 - Level 4.4 Long Blades
 - Level 20.0 Dodging
 - Level 4.0 Stealth
 - Level 3.7 Shields
 + Level 21.9 Spellcasting
 - Level 17.0 Conjurations
 - Level 5.0 Hexes
 - Level 15.0 Summonings
 - Level 3.0 Translocations
 - Level 2.0 Transmutations
 + Level 20.5 Fire Magic
 - Level 15.0 Air Magic
 - Level 9.0 Poison Magic


You had 18 spell levels left.
You knew the following spells:

 Your Spells              Type           Power      Damage    Failure   Level
a - Blink                 Tloc           100%       N/A       1%          2
b - Poisonous Vapours     Pois/Air       100%       N/A       0%          2
c - Fulminant Prism       Conj/Hex       52%        3d23      1%          4
d - Iskenderun's Mystic   Conj/Tloc      100%       2d19      1%          4
e - Spellforged Servitor  Conj/Summ      60%        N/A       1%          7
f - Plasma Beam           Fire/Air       74%        2x1d91    1%          6
g - Olgreb's Toxic Radia  Pois           98%        N/A       1%          4
h - Ignite Poison         Fire/Tmut/Pois 100%       N/A       0%          3
i - Ignition              Fire           65%        3d17      1%          8
j - Bombard               Conj/Erth      48%        9d8       1%          6

Your spell library contained the following spells:

 Spells                   Type           Power      Damage    Failure   Level
 Maxwell's Capacitive Co  Air            70%        ∞         1%          8
 Fire Storm               Conj/Fire      63%        8d16      3%          9
 Chain Lightning          Conj/Air       72%        3d96      11%         9
 Foxfire                  Conj/Fire      100%       2x1d9     0%          1
 Magic Dart               Conj           100%       1d8       0%          1
 Call Imp                 Summ           100%       N/A       0%          2
 Momentum Strike          Conj/Tloc      100%       3d10      0%          2
 Searing Ray              Conj           100%       2d8       0%          2
 Dazzling Flash           Conj/Hex       100%       N/A       0%          3
 Inner Flame              Hex/Fire       100%       N/A       0%          3
 Mephitic Cloud           Conj/Pois/Air  100%       N/A       0%          3
 Summon Guardian Golem    Hex/Summ       100%       N/A       0%          3
 Sticky Flame             Conj/Fire      100%       2d11      0%          4
 Arcjolt                  Conj/Air       72%        1d82      0%          5
 Fireball                 Conj/Fire      63%        3d24      0%          5
 Iskenderun's Battlesphe  Conj           100%       2d15      0%          5
 Starburst                Conj/Fire      63%        6d17      0%          6
 Apportation              Tloc           100%       N/A       1%          1
 Freeze                   Ice            100%       1d10      1%          1
 Sandblast                Erth           100%       2d20      1%          1
 Slow                     Hex            100%       N/A       1%          1
 Sting                    Tmut/Pois      100%       1d8       1%          1
 Jinxbite                 Hex            100%       N/A       1%          2
 Lesser Beckoning         Tloc           100%       N/A       1%          2
 Passwall                 Tmut/Erth      50%        N/A       1%          2
 Frozen Ramparts          Ice            100%       1d16      1%          3
 Gell's Gravitas          Tloc           71%        N/A       1%          3
 Hailstorm                Conj/Ice       96%        3d19      1%          3
 Sigil of Binding         Hex            81%        N/A       1%          3
 Stone Arrow              Conj/Erth      100%       3d13      1%          3
 Teleport Other           Tloc           71%        N/A       1%          3
 Animate Armour           Summ/Erth      100%       N/A       1%          4
 Brom's Barrelling Bould  Conj/Erth      96%        2d11      1%          4
 Cause Fear               Hex            40%        N/A       1%          4
 Leda's Liquefaction      Hex/Erth       34%        N/A       1%          4
 Manifold Assault         Tloc           71%        N/A       1%          4
 Summon Ice Beast         Ice/Summ       92%        N/A       1%          4
 Vhi's Electric Charge    Tloc/Air       100%       N/A       1%          4
 Alistair's Intoxication  Tmut/Pois      55%        N/A       1%          5
 Freezing Cloud           Conj/Ice/Air   63%        6-21      1%          5
 Summon Mana Viper        Hex/Summ       100%       N/A       1%          5
 Yara's Violent Unravell  Hex/Tmut       37%        3d15      1%          5
 Conjure Ball Lightning   Conj/Air       72%        3x3d27    1%          6
 Monstrous Menagerie      Summ           58%        N/A       1%          7
 Orb of Destruction       Conj           61%        9d15      1%          7
 Animate Dead             Necr           53%        N/A       2%          4
 Dispel Undead            Necr           53%        3d19      2%          4
 Lee's Rapid Deconstruct  Erth           26%        3d14*     2%          5
 Metabolic Englaciation   Hex/Ice        34%        N/A       2%          5
 Borgnjor's Vile Clutch   Necr/Erth      26%        N/A       8%          5
 Dispersal                Tloc           35%        N/A       12%         6
 Lehudib's Crystal Spear  Conj/Erth      48%        10d11     14%         8
 Enfeeble                 Hex            40%        N/A       28%         7
 Death Channel            Necr           26%        N/A       38%         6
 Dragon's Call            Summ           58%        N/A       50%         9


Dungeon Overview and Level Annotations

Branches:
Dungeon (15/15)            Temple (1/1) D:7            Lair (5/5) D:11
  Swamp (4/4) Lair:2       Spider (4/4) Lair:2        Slime (0/5) Lair:4
    Orc (2/2) D:9             Elf (3/3) Orc:2        Vaults (5/5) D:13
  Crypt (0/3) Vaults:3     Depths (4/4) D:15            Zot (0/5) Depths:4
 Bailey (visited)          WizLab (visited)         Gauntlet (visited)

Altars:
Ashenzari
Cheibriados
Dithmenos
Elyvilon
Fedhas
Gozag
Hepliaklqana
Kikubaaqudgha
Makhleb
Nemelex Xobeh
Okawaru
Qazlal
Ru
Sif Muna
Trog
Uskayaw
Vehumet
Wu Jian
Xom
Yredelemnul
Zin
The Shining One
Jiyva
Lugonu

Shops:
D:2 *   D:5 =   D:10 !   Orc:2 *=[   Vaults:4 (

Portals:
Hell: Depths:1 Depths:2 Depths:3 Depths:4
Abyss: Lair:5 Depths:3
Pandemonium: Depths:1 Depths:2
Ziggurat: Depths:2

Annotations:
D:6 1 runed translucent door, Crazy Yiuf
D:8 2 transporters, exclusion: cyclops, rasy's ghost, novice MiFi
Lair:5 2 runed translucent doors, hitsuchi's ghost, journeyman VSSh
Swamp:3 1 runed translucent door, ongoing's ghost, adept MiDe
Orc:1 2 runed translucent doors, Bizboz's ghost, journeyman DjAE
Elf:2 3 runed translucent doors
Vaults:1 2 transporters, exclusion: obsidian statue
Depths:3 4 transporters


Innate Abilities, Weirdness & Mutations

You sometimes lose your temper in combat.
Armour fits poorly on your strangely shaped body.


Message History

The war gargoyle is heavily damaged.
The fireball engulfs the titan!!
The titan is moderately wounded.
The fireball engulfs the lich!!
The lich is severely damaged.
The fireball engulfs the lich!!
You destroy the lich!
Vehumet accepts your kill.
You feel your power returning.
The fireball engulfs the war gargoyle.
The war gargoyle resists.
The war gargoyle is heavily damaged.
The fireball engulfs the titan!!
The titan is heavily wounded.
You feel sick.
The war gargoyle launches metal splinters at you.
The spray of metal splinters misses you.
Casting: Ignition (mildly dangerous; 1% risk of failure)
Confirm with . or Enter, or press ? or * to list all spells.
Okay, then.
Casting: Ignition (mildly dangerous; 1% risk of failure)
Confirm with . or Enter, or press ? or * to list all spells.
Okay, then.
You feel much better.
You feel sick.
Your spellforged servitor points at the war gargoyle and mumbles some strange words.
The iron shot hits the war gargoyle!!!
The war gargoyle is destroyed!
Vehumet accepts your kill.
Your spellforged servitor is knocked back by the blast.
The ironbound preserver closely misses you.
A vault warden comes into view.
It is wielding a +2 vampiric great sword.
Casting: Ignition (mildly dangerous; 1% risk of failure)
Confirm with . or Enter, or press ? or * to list all spells.
You begin to radiate toxic energy.
The vault warden is poisoned.
The ironbound preserver is poisoned.
The titan is poisoned.
The titan looks even sicker.
You feel sick.
The titan waves its arms in wide circles.
The air twists around and strikes you!!!
* * * LOW HITPOINT WARNING * * *
The ironbound preserver hits you with a +0 morningstar!!
You die...

.....#....# ....#....#
...#....# ..#)...#
#..))..)
#################.))))..
..........).......))<<.)
......p@.)))[9)[.))<..<)
.........)()C.p....)<<))
...................))...
#################..)....
..D..... ...#....#
#D#.#....# #.#.#....#


You could see an ironbound preserver (poisoned), a titan (very poisoned, ally
target), a vault warden (poisoned) and a friendly spellforged servitor
(summoned).

Vanquished Creatures
  3 royal mummies (Depths:2)
  Bai Suzhen (Vaults:2)
  Frederick (Vaults:3)
  A golden dragon (Depths:4)
  Norris (Depths:3)
  A walking crystal tome (Depths:4)
  A tentacled monstrosity (Swamp:1)
  3 liches
  3 deep elf blademasters (Elf:3)
  A titan (Depths:4)
  A moon troll (WizLab)
  2 deep elf master archers (Elf:3)
  2 quicksilver dragons
  A sphinx (Depths:4)
  7 tentacled starspawn (WizLab)
  A thorn hunter (Swamp:4)
  Aizul (Swamp:4)
  2 storm dragons
  A shadow dragon (Vaults:5)
  A fenstrider witch (Swamp:2)
  7 emperor scorpions
  A fire giant (Depths:2)
  A frost giant (Depths:3)
  The ghost of Foyclucs the Wallflower, a journeyman DsAr of Uskayaw (D:14)
  4 deep elf sorcerers
  6 ghost moths
  13 vault wardens
  3 spectral caustic shrikes (Depths:4)
  A draconian scorcher (Depths:4)
  A war gargoyle (Vaults:3)
  3 cacodemons (WizLab)
  A broodmother (Spider:4)
  20 ironbound preservers
  2 formless jellyfish
  2 orc warlords
  10 very ugly things
  A draconian annihilator (Depths:4)
  14 stone giants
  6 ironbound thunderhulks
  A black draconian (Depths:4)
  The ghost of topfpfpflanze the Destroyer, a journeyman OpCj of Gozag (D:14)
  Azrael (D:15)
  The ghost of Turbonekonecno the Spry, a journeyman SpEn of Uskayaw (D:14)
  2 green draconians (Depths:4)
  3 deep elf demonologists
  A red draconian (Depths:4)
  12 dire elephants
  A bunyip (Swamp:4)
  7 spark wasps
  2 white draconians (Depths:4)
  4 deep elf annihilators
  A minotaur (Gauntlet)
  5 ettins
  10 deep elf death magi
  Josephine (D:11)
  Snorg (Orc:1)
  2 mummy priests (Depths:2)
  8 fire dragons
  9 yaktaur captains
  A shambling mangrove (Swamp:4)
  4 entropy weavers
  7 deep elf high priests
  14 great orbs of eyes
  29 vault guards
  18 hydras
  3 rakshasas
  9 alligators
  2 spriggan air magi
  6 ice dragons
  A catoblepas (D:13)
  3 ghost crabs
  A jorogumo (Spider:1)
  8 boulder beetles
  10 centaur warriors
  7 ironbound frosthearts
  2 peacekeepers (Vaults:3)
  2 ogre magi (Orc:2)
  5 radroaches
  Erolcha (D:13)
  8 dancing weapons
  A two-headed ogre (shapeshifter) (Depths:1)
  3 death yaks (Lair:3)
  7 deep troll shamans
  7 demonic crawlers
  3 tengu warriors
  9 deep troll earth magi
  9 two-headed ogres
  2 spriggan berserkers (Depths:2)
  Urug (Orc:1)
  An occultist (D:15)
  A soul eater (Depths:2)
  A vampire mage (Depths:1)
  14 deep elf knights
  5 hell knights
  3 orc high priests (Orc:2)
  3 thrashing horrors
  A wretched star (WizLab)
  A fire crab (Lair:5)
  9 iron trolls
  3 skysharks
  3 goliath frogs
  5 pharaoh ants
  An orange crystal statue (WizLab)
  2 spriggan druids (Swamp:4)
  45 deep trolls
  9 swamp dragons
  A bog body (Swamp:1)
  8 glowing orange brains
  11 orb spiders
  16 deep elf archers
  A flayed ghost (Depths:2)
  3 harpies (Vaults:3)
  5 steelbarb worms
  A steelbarb worm (shapeshifter) (Depths:4)
  8 starcursed masses (WizLab)
  4 arcanists
  13 ironbound convokers
  6 necromancers
  6 lindwurms
  25 deep elf pyromancers
  12 orc knights
  17 deep elf zephyrmancers
  2 will-o-the-wisps
  3 orc sorcerers
  A tengu skeleton (Depths:1)
  30 ugly things
  A cyclops (D:14)
  25 wolf spiders
  A fire giant zombie (Vaults:1)
  4 elephants (Lair:2)
  A large abomination (Lair:5)
  5 moths of wrath
  5 eyes of devastation (WizLab)
  23 vault sentinels
  A black mamba (shapeshifter) (D:15)
  4 kobold blastminers
  A smoke demon (Depths:1)
  4 torpor snails
  4 black mambas
  A cane toad (shapeshifter) (Elf:1)
  15 cane toads
  3 rime drakes (Swamp:4)
  2 unseen horrors
  2 human zombies (Vaults:1)
  10 komodo dragons
  5 kobold demonologists
  4 tengu conjurers
  22 yaktaurs
  A tormentor (Depths:2)
  A freezing wraith (Vaults:4)
  4 trolls
  6 meliai
  A bloated husk (Swamp:3)
  A polar bear (shapeshifter) (D:13)
  Grinder (D:6)
  13 hornets
  21 blink frogs
  8 tyrant leeches
  A human skeleton (Vaults:1)
  A raiju (Lair:5)
  21 tarantellas
  An iron dragon simulacrum (Depths:1)
  25 jumping spiders
  4 water elementals
  10 small abominations
  26 culicivoras
  3 wyverns
  16 slime creatures
  8 wraiths
  3 vampires
  34 yaks
  12 spriggans
  A ynoxinul (Lair:5)
  Eustachio (D:5)
  14 basilisks
  7 fire elementals
  4 chaos spawn (Lair:5)
  A neqoxec (WizLab)
  24 redbacks
  5 vampire mosquitoes
  2 steam dragons
  18 swamp worms
  3 acid dragons
  3 wargs
  10 water moccasins
  An ice beast (D:6)
  A swamp drake (shapeshifter) (D:14)
  2 hell hounds (D:15)
  25 orc warriors
  7 swamp drakes
  2 sky beasts
  A black bear (D:5)
  4 ogres
  7 wolves
  A centaur (D:8)
  A phantom (D:6)
  A kobold brigand (D:9)
  A glowing shapeshifter simulacrum (Depths:1)
  2 scorpions
  7 bullfrogs
  A bullfrog (shapeshifter) (Lair:5)
  3 earth elementals
  A gnoll sergeant (D:12)
  12 wights
  3 killer bees (D:9)
  8 electric eels
  A howler monkey (D:2)
  5 lava snakes (Lair:2)
  A hound (shapeshifter) (Lair:5)
  5 hounds
  2 jellies
  2 sleepcaps
  13 orc priests
  An iguana (D:6)
  A gnoll bouda (D:6)
  Ijyb (D:5)
  18 orc wizards
  Robin (D:3)
  18 gnolls
  6 adders
  2 shadow imps
  2 white imps (D:6)
  2 ufetubi (D:6)
  2 worms (D:3)
  78 orcs
  An orc (shapeshifter) (Vaults:4)
  2 ball pythons (D:1)
  4 bats (D:1)
  2 endoplasms
  3 giant cockroaches
  28 goblins
  16 hobgoblins
  6 jackals
  A quokka (D:1)
  2 frilled lizards
  12 kobolds
  A rat (shapeshifter) (Depths:3)
  6 rats
  A starspawn tentacle (WizLab)
1463 creatures vanquished.

Vanquished Creatures (collateral kills)
  A bone dragon (Vaults:3)
  A titan (Vaults:5)
  A deep elf blademaster (Elf:3)
  A storm dragon (Vaults:5)
  Roxanne (Elf:2)
  2 vault wardens
  A deep elf sorcerer (Elf:3)
  A very ugly thing (Depths:4)
  2 war gargoyles
  An ironbound thunderhulk (Vaults:2)
  A reaper (Depths:2)
  A deep elf demonologist (Elf:3)
  A deep elf annihilator (Elf:3)
  2 crystal guardians
  2 ettins
  2 deep elf high priests
  A peacekeeper (Vaults:3)
  A centaur warrior (Vaults:3)
  A spriggan berserker (Depths:2)
  11 dancing weapons
  An occultist (Depths:1)
  2 deep elf knights (Elf:2)
  3 hell knights
  3 deep trolls
  2 ironbound convokers
  3 lindwurms (Vaults:2)
  3 ugly things
  A deep elf zephyrmancer (Elf:3)
  2 deep elf pyromancers
  2 yaktaurs (Vaults:3)
  A nameless horror (Vaults:3)
  An earth elemental (Elf:2)
59 creatures vanquished.

Vanquished Creatures (others)
  A very ugly thing (D:15)
  A war gargoyle (Vaults:3)
  A bloated husk (Swamp:3)
  3 slime creatures (D:15)
  An orc priest (Orc:2)
  An orc wizard (Orc:2)
  A quokka (shapeshifter) (D:15)
  6 foxfires
  210 fulminant prisms
  5 starspawn tentacles (WizLab)
230 creatures vanquished.

Grand Total: 1752 creatures vanquished

Notes
Turn   | Place    | Note
-------+----------+-------------------------------------------
     0 | D:1      | MacCMillion the Deep Elf Conjurer began the quest for the
                  | Orb.
     0 | D:1      | Reached XP level 1. HP: 10/10 MP: 6/6
   200 | D:1      | Reached XP level 2. HP: 15/15 MP: 5/8
   660 | D:1      | Learned a level 2 spell: Searing Ray
  1346 | D:2      | Found a faded altar of an unknown god.
  1387 | D:2      | Found Zefi Voa's Assorted Antiques.
  1483 | D:2      | Reached XP level 3. HP: 19/19 MP: 6/10
  1570 | D:2      | Reached skill level 4 in Spellcasting
  1570 | D:2      | Reached skill level 5 in Conjurations
  1570 | D:2      | Reached XP level 4. HP: 24/24 MP: 4/12
  2436 | D:3      | Identified the +1 robe of the Seven Queens {-Tele Rampage
                  | Fly Int+3}
  2463 | D:3      | Noticed Robin
  3117 | D:3      | Killed Robin
  3118 | D:3      | Reached XP level 5. HP: 28/28 MP: 8/14
  3507 | D:4      | Reached skill level 5 in Spellcasting
  4518 | D:5      | Entered Level 5 of the Dungeon
  4532 | D:5      | Reached XP level 6. HP: 32/32 MP: 16/16
  4533 | D:5      | Noticed a water moccasin
  4621 | D:5      | Killed a water moccasin
  4622 | D:5      | Reached skill level 6 in Spellcasting
  4703 | D:5      | Noticed Eustachio
  4711 | D:5      | Learned a level 4 spell: Fulminant Prism
  4716 | D:5      | Learned a level 4 spell: Iskenderun's Mystic Blast
  4950 | D:5      | Noticed Ijyb
  5092 | D:5      | Reached skill level 1 in Hexes
  5176 | D:5      | Reached XP level 7. HP: 36/36 MP: 19/19
  5450 | D:5      | Reached skill level 7 in Spellcasting
  5607 | D:5      | Found Utafodas's One-of-a-Kind Rings.
  5665 | D:2      | Bought a transparent robe for 136 gold pieces
  5665 | D:2      | Identified the +2 robe "Boinwisch" {Int+2} (You bought it
                  | in a shop on level 2 of the Dungeon)
  5708 | D:5      | Killed Eustachio
  5888 | D:5      | Killed Ijyb
  6190 | D:6      | Reached skill level 1 in Translocations
  6255 | D:6      | Reached XP level 8. HP: 41/41 MP: 7/20
  6255 | D:6      | Noticed Grinder
  6719 | D:6      | Found a runed translucent door.
  6720 | D:6      | Noticed Crazy Yiuf
  6789 | D:6      | Killed Grinder
  6790 | D:6      | Reached skill level 10 in Conjurations
  6790 | D:6      | Reached skill level 1 in Fighting
  7131 | D:7      | Noticed a hornet
  7204 | D:7      | Found an ancient bone altar of Kikubaaqudgha.
  7204 | D:7      | Found a hide-covered altar of Uskayaw.
  7212 | D:7      | Found a bloodstained altar of Trog.
  7214 | D:7      | Found a shimmering altar of Xom.
  7241 | D:7      | Noticed a kobold demonologist
  7241 | D:7      | Noticed a kobold demonologist
  7246 | D:7      | Killed a kobold demonologist
  7246 | D:7      | Killed a kobold demonologist
  7247 | D:7      | Reached skill level 5 in Dodging
  7247 | D:7      | Reached XP level 9. HP: 51/51 MP: 21/21
  7302 | D:7      | Found a staircase to the Ecumenical Temple.
  7312 | Temple   | Entered the Ecumenical Temple
  7325 | Temple   | Became a worshipper of Vehumet
  8645 | D:8      | Noticed a cyclops
  8853 | D:8      | Reached skill level 5 in Fighting
  9401 | D:8      | Noticed an unseen horror
  9414 | D:8      | Killed an unseen horror
  9415 | D:8      | Reached XP level 10. HP: 52/59 MP: 22/22
  9556 | D:8      | Found a transporter.
  9567 | D:8      | Noticed a moth of wrath
  9570 | D:8      | Found a transporter.
  9584 | D:8      | Found a bloodstained altar of Trog.
  9587 | D:8      | Noticed rasy's ghost (novice MiFi)
  9966 | D:9      | Reached skill level 10 in Dodging
  9971 | D:9      | Reached * piety under Vehumet
  9971 | D:9      | Offered knowledge of Freeze by Vehumet.
 10014 | D:9      | Noticed a two-headed ogre
 10048 | D:9      | Killed a two-headed ogre
 10596 | D:9      | Found a staircase to the Orcish Mines.
 10669 | D:9      | Identified the +4 rapier of the Eggplant {antimagic, rC+
                  | Stlth+}
 10868 | D:10     | Entered Level 10 of the Dungeon
 10895 | D:10     | Noticed a two-headed ogre
 11156 | D:10     | Offered knowledge of Momentum Strike by Vehumet.
 11174 | D:10     | Noticed a two-headed ogre
 11180 | D:10     | Killed a two-headed ogre
 11181 | D:10     | Reached XP level 11. HP: 63/63 MP: 23/23
 11184 | D:10     | Found Kiypitz's Distillery.
 11192 | D:10     | Bought a potion of degeneration for 10 gold pieces
 11232 | D:10     | Found a glowing silver altar of Zin.
 11286 | D:10     | Killed a two-headed ogre
 11286 | D:10     | Reached ** piety under Vehumet
 11339 | D:10     | Found a flagged portal.
 11348 | Bailey   | Entered a bailey
 11543 | Bailey   | Noticed an orc knight
 11544 | Bailey   | Noticed an orc knight
 11551 | Bailey   | Killed an orc knight
 11552 | Bailey   | Killed an orc knight
 11552 | Bailey   | Offered knowledge of Inner Flame by Vehumet.
 11576 | Bailey   | Reached skill level 15 in Dodging
 11576 | Bailey   | Reached skill level 5 in Hexes
 11841 | Bailey   | Noticed an orc sorcerer
 12006 | Bailey   | Acquired a book of Fire
 12016 | Bailey   | Learned a level 6 spell: Starburst
 12044 | Bailey   | Found an iron altar of Okawaru.
 12050 | Bailey   | Noticed an orc knight
 12063 | Bailey   | Killed an orc knight
 12064 | Bailey   | Reached skill level 8 in Spellcasting
 12064 | Bailey   | Reached skill level 1 in Fire Magic
 12166 | Bailey   | Killed an orc sorcerer
 12786 | D:11     | Noticed Josephine
 13058 | D:11     | Noticed a two-headed ogre
 13168 | D:11     | Killed Josephine
 13169 | D:11     | Reached skill level 9 in Spellcasting
 13176 | D:11     | Reached *** piety under Vehumet
 13250 | D:11     | Found a staircase to the Lair.
 13274 | D:11     | Noticed a two-headed ogre
 13287 | D:11     | Killed a two-headed ogre
 13470 | D:11     | Noticed a boulder beetle
 13495 | D:11     | Killed a boulder beetle
 13496 | D:11     | Reached skill level 10 in Spellcasting
 13496 | D:11     | Reached skill level 5 in Fire Magic
 13612 | D:11     | Killed a two-headed ogre
 13613 | D:11     | Reached XP level 12. HP: 68/68 MP: 28/28
 13718 | D:11     | Identified the +9 quarterstaff of Famine {flame, rF+ MP-9
                  | Int+2}
 13735 | D:11     | Noticed a two-headed ogre
 13754 | D:11     | Killed a two-headed ogre
 13899 | Lair:1   | Entered Level 1 of the Lair of Beasts
 14538 | Lair:1   | Identified the +1 chain mail of Indomitability {rN+ Str+3}
 14545 | Lair:1   | Identified the +8 long sword of the Heart {flame, rF+}
 14584 | Lair:1   | Got the Volume of the Throng
 14966 | Lair:2   | Offered knowledge of Ignite Poison by Vehumet.
 14969 | Lair:2   | Reached skill level 10 in Fire Magic
 15032 | Lair:2   | Found a hole to the Spider Nest.
 15049 | Lair:2   | Reached skill level 1 in Air Magic
 15090 | Lair:2   | Learned a level 6 spell: Plasma Beam
 15095 | Lair:2   | Found a staircase to the Swamp.
 15463 | Lair:2   | Reached **** piety under Vehumet
 15743 | Lair:2   | Offered knowledge of Volatile Blastmotes by Vehumet.
 15752 | Lair:2   | Noticed a five-headed hydra
 15757 | Lair:2   | Killed a five-headed hydra
 15795 | Lair:2   | Noticed a boulder beetle
 15803 | Lair:2   | Killed a boulder beetle
 15868 | Lair:2   | Reached skill level 5 in Air Magic
 16014 | Lair:2   | Reached XP level 13. HP: 72/72 MP: 29/29
 16364 | Lair:3   | Got A Primer on Magic
 16368 | Lair:3   | Learned a level 2 spell: Blink
 17279 | Lair:4   | Found a viscous altar of Jiyva.
 17279 | Lair:4   | Found a staircase to the Slime Pits.
 17502 | Lair:4   | Reached skill level 11 in Spellcasting
 18204 | Lair:5   | Entered Level 5 of the Lair of Beasts
 18226 | Lair:5   | Reached skill level 12 in Spellcasting
 18312 | Lair:5   | Reached ***** piety under Vehumet
 18514 | Lair:5   | Offered knowledge of Ozocubu's Refrigeration by Vehumet.
 18809 | Lair:5   | Found an ornate altar of the Wu Jian Council.
 18809 | Lair:5   | Found a hide-covered altar of Uskayaw.
 18837 | Lair:5   | Found a glowing silver altar of Zin.
 18847 | Lair:5   | Found a large runed translucent door.
 18847 | Lair:5   | Found a large runed translucent door.
 18852 | Lair:5   | Noticed hitsuchi's ghost (journeyman VSSh)
 19262 | Lair:5   | Reached skill level 10 in Air Magic
 19837 | Lair:5   | Reached XP level 14. HP: 78/78 MP: 29/32
 20009 | Lair:5   | Found a corrupted altar of Lugonu.
 20009 | Lair:5   | Found a one-way gate to the infinite horrors of the Abyss.
 20908 | Orc:1    | Entered Level 1 of the Orcish Mines
 21250 | Orc:1    | Found a large runed translucent door.
 21250 | Orc:1    | Found a large runed translucent door.
 21251 | Orc:1    | Noticed Bizboz's ghost (journeyman DjAE)
 21490 | Orc:2    | Entered Level 2 of the Orcish Mines
 21543 | Orc:2    | Found a gate leading to a gauntlet.
 21553 | Gauntlet | Entered a Gauntlet
 21553 | Gauntlet | Found a transporter.
 21553 | Gauntlet | Found a transporter.
 21554 | Gauntlet | Found a transporter.
 21554 | Gauntlet | Found a transporter.
 21557 | Gauntlet | Found a transporter.
 21557 | Gauntlet | Found a transporter.
 21571 | Gauntlet | Found a transporter.
 21583 | Gauntlet | Found a transporter.
 21586 | Gauntlet | Found a transporter.
 21605 | Gauntlet | Found a transporter.
 21609 | Gauntlet | Found a transporter.
 21681 | Gauntlet | Found a transporter.
 21913 | Gauntlet | Acquired 716 gold pieces
 22014 | Gauntlet | Identified the ring of Nuejin {rN+ Stlth+}
 22226 | Gauntlet | Identified the ring of Buheitso {Fly rN+ Will+ Str+2}
 22424 | Gauntlet | Found the +4 robe of Augmentation {Str+4 Int+4 Dex+4}
 22431 | Gauntlet | Identified the staff of Innocence {rElec rC+ rCorr Str-4
                  | Earth}
 22635 | Orc:2    | Offered knowledge of Arcjolt by Vehumet.
 23068 | Orc:2    | Found a staircase to the Elven Halls.
 23287 | Orc:2    | Gained mutation: You sometimes lose your temper in combat.
                  | [a neqoxec]
 23291 | Orc:2    | Gained mutation: Armour fits poorly on your strangely
                  | shaped body. [a neqoxec]
 23654 | Orc:2    | Found Nomokos's General Store.
 23654 | Orc:2    | Found Jala's Antique Armour Emporium.
 23656 | Orc:2    | Found Yzyczow's Antique Weapon Boutique.
 23656 | Orc:2    | Found Woxuled's Jewellery Emporium.
 23662 | Orc:2    | Bought a scroll of identify for 28 gold pieces
 23668 | Orc:2    | Bought a pair of glowing gloves for 232 gold pieces
 23739 | Orc:1    | Noticed Snorg
 23739 | Orc:1    | Noticed Urug
 23743 | Orc:1    | Killed Snorg
 23747 | Orc:1    | Killed Urug
 24167 | Orc:1    | Learned a level 4 spell: Olgreb's Toxic Radiance
 24439 | D:12     | Reached skill level 1 in Poison Magic
 24944 | D:12     | Identified the +1 ring mail of Qoezum {rF- rC+ Int+2}
 25513 | D:13     | Noticed Erolcha
 25514 | Abyss:1  | Cast into level 1 of the Abyss (Erolcha)
 25547 | Abyss:1  | Found a corrupted altar of Lugonu.
 25554 | D:13     | Escaped the Abyss
 25555 | D:13     | Killed Erolcha
 25734 | D:13     | Found a large runed translucent door.
 25735 | D:13     | Found a large runed translucent door.
 25793 | D:13     | Found a gate to the Vaults.
 25795 | D:13     | Noticed an ironbound preserver
 25798 | D:13     | Killed an ironbound preserver
 25877 | D:13     | Reached skill level 1 in Shields
 25877 | D:13     | Reached skill level 5 in Poison Magic
 25926 | D:13     | Offered knowledge of Conjure Ball Lightning by Vehumet.
 26656 | D:14     | Reached XP level 15. HP: 84/84 MP: 33/33
 26835 | D:14     | Found a runed translucent gate.
 26837 | D:14     | Noticed Turbonekonecno's ghost (journeyman SpEn)
 26930 | D:14     | Found a runed translucent gate.
 26930 | D:14     | Found a runed translucent gate.
 26933 | D:14     | Noticed Foyclucs's ghost (journeyman DsAr)
 26933 | D:14     | Noticed topfpfpflanze's ghost (journeyman OpCj)
 27234 | D:15     | Entered Level 15 of the Dungeon
 27918 | D:15     | Found a shadowy altar of Dithmenos.
 28317 | D:15     | Noticed Azrael
 28331 | D:15     | Killed Azrael
 28720 | D:15     | Found a staircase to the Depths.
 28988 | D:13     | Learned a level 3 spell: Ignite Poison
 28997 | D:13     | Learned a level 8 spell: Ignition
 29145 | Spider:1 | Entered Level 1 of the Spider Nest
 29151 | Spider:1 | Reached skill level 1 in Transmutations
 29286 | D:14     | Killed topfpfpflanze's ghost
 29287 | D:14     | Reached skill level 13 in Spellcasting
 29547 | D:14     | Killed Foyclucs's ghost
 29570 | D:14     | Killed Turbonekonecno's ghost
 29570 | D:14     | Offered knowledge of Fireball by Vehumet.
 29796 | D:14     | Identified the +1 helmet "Yssiungueng" {rN+ Dex+2}
 29799 | D:14     | Identified the +4 ring mail of Temoit {rN+ Str-5 Stlth+}
 29823 | D:14     | Learned a level 2 spell: Poisonous Vapours
 30063 | Spider:1 | Identified the orb of Least Resistance {*Rage, rF+ Will+
                  | Int+3}
 30320 | Spider:1 | Reached skill level 14 in Spellcasting
 32212 | Spider:2 | Noticed an emperor scorpion
 32215 | Spider:2 | Killed an emperor scorpion
 32239 | Spider:2 | Identified the +4 scale mail of Vaoliur {Harm Regen+ Str+3
                  | Slay-2}
 32494 | Spider:3 | Reached XP level 16. HP: 90/90 MP: 36/36
 32535 | Spider:3 | Offered knowledge of Irradiate by Vehumet.
 32970 | Spider:3 | Reached skill level 15 in Spellcasting
 34059 | Spider:4 | Entered Level 4 of the Spider Nest
 35911 | Spider:4 | Reached skill level 15 in Fire Magic
 35997 | Spider:4 | Reached skill level 16 in Spellcasting
 36518 | Spider:4 | Identified the +4 hat of the World {+Inv rC+ Slay+3}
 36528 | Spider:4 | Got a gossamer rune of Zot
 36691 | Swamp:1  | Entered Level 1 of the Swamp
 37233 | Swamp:1  | Offered knowledge of Bombard by Vehumet.
 37238 | Swamp:1  | Noticed a tentacled monstrosity
 37241 | Swamp:1  | Learned a level 6 spell: Bombard
 37243 | Swamp:1  | Killed a tentacled monstrosity
 37244 | Swamp:1  | Reached XP level 17. HP: 97/97 MP: 32/39
 37392 | Swamp:1  | You fall into a shaft and drop 1 floor!
 38616 | Orc:2    | Bought a ring of poison resistance for 220 gold pieces
 39207 | Swamp:3  | Found a runed translucent door.
 39209 | Swamp:3  | Identified the +11 spear of Turmoil {flame, *Slow rN+ Str+3
                  | Dex+7}
 39210 | Swamp:3  | Found the +3 Mad Mage's Maulers {Infuse+∞ VampMP -Cast}
 39211 | Swamp:3  | Noticed ongoing's ghost (adept MiDe)
 39539 | Swamp:4  | Entered Level 4 of the Swamp
 39854 | Swamp:4  | Identified the ring "Onul" {*Slow rElec rF+ rCorr}
 40243 | Swamp:4  | Identified the serpent talisman of Inquiry {rF- Str+6
                  | Int+4}
 40243 | Swamp:4  | Noticed Aizul
 40266 | Swamp:4  | Killed Aizul
 40586 | Swamp:4  | Got a decaying rune of Zot
 41004 | Vaults:1 | Entered Level 1 of the Vaults
 41315 | Vaults:1 | Reached skill level 1 in Summonings
 41318 | Vaults:1 | Reached skill level 1 in Long Blades
 42077 | Vaults:1 | Identified the +1 dagger "Uvuw Kown" {freeze, rN+ Str+3
                  | Dex+2 Stlth+}
 42150 | Vaults:1 | You fall into a shaft and drop 1 floor!
 42185 | Vaults:2 | Offered knowledge of Eringya's Noxious Bog by Vehumet.
 42186 | Vaults:2 | Reached XP level 18. HP: 66/105 MP: 38/40
 42462 | Vaults:2 | Reached skill level 5 in Summonings
 42470 | Vaults:2 | Found a magical portal.
 42486 | WizLab   | Entered Lehudib's Moon Base
 42535 | WizLab   | Learned a level 7 spell: Spellforged Servitor
 42612 | WizLab   | Found a transporter.
 43564 | WizLab   | Identified the ring "Raomp" {rPois Str+2}
 43628 | WizLab   | Identified the ring "Rinan" {AC+4 Str+3}
 43628 | WizLab   | Noticed a moon troll
 43932 | WizLab   | Reached skill level 10 in Summonings
 44118 | WizLab   | Found a transporter.
 44246 | WizLab   | Reached ****** piety under Vehumet
 44285 | WizLab   | Killed a moon troll
 44319 | WizLab   | Identified the +8 chain mail "Jiov Dea" {Regen+ Str+6}
 45049 | Vaults:2 | Noticed Bai Suzhen
 45076 | Vaults:2 | Killed Bai Suzhen
 45077 | Vaults:2 | Reached XP level 19. HP: 95/110 MP: 6/41
 45358 | Vaults:1 | Found a transporter.
 45367 | Vaults:1 | Found a transporter.
 47730 | Vaults:3 | Reached skill level 17 in Spellcasting
 47762 | Vaults:3 | Offered knowledge of Fire Storm by Vehumet.
 47762 | Vaults:3 | Offered knowledge of Chain Lightning by Vehumet.
 47762 | Vaults:3 | Offered knowledge of Maxwell's Capacitive Coupling by
                  | Vehumet.
 47900 | Vaults:3 | Noticed Frederick
 47906 | Vaults:3 | Killed Frederick
 47942 | Vaults:3 | Paralysed by a formless jellyfish for 1 turns
 48562 | Vaults:3 | Noticed a bone dragon
 48574 | Vaults:3 | Killed a bone dragon
 48575 | Vaults:3 | Reached skill level 18 in Spellcasting
 48718 | Vaults:3 | Found a staircase to the Crypt.
 49677 | Vaults:4 | Found Wudeezel's Weapon Shop.
 50235 | Vaults:4 | Reached XP level 20. HP: 115/115 MP: 44/44
 50368 | Vaults:4 | Reached skill level 15 in Conjurations
 50368 | Vaults:4 | Reached skill level 15 in Summonings
 51217 | D:5      | Bought a +8 ring of intelligence for 715 gold pieces
 51411 | Depths:1 | Entered Level 1 of the Depths
 52614 | Depths:1 | Identified the +0 robe of Charity {Int+3}
 52915 | Depths:1 | Found a gateway to Hell.
 53015 | Depths:1 | Found a one-way gate leading to the halls of Pandemonium.
 53522 | Depths:2 | Reached skill level 10 in Fighting
 53522 | Depths:2 | Reached skill level 19 in Spellcasting
 53522 | Depths:2 | Found a one-way gateway to a ziggurat.
 54079 | Depths:2 | Reached skill level 20 in Spellcasting
 54248 | Depths:2 | Noticed a royal mummy
 54254 | Depths:2 | Killed a royal mummy
 54659 | Depths:2 | Noticed a royal mummy
 54664 | Depths:2 | Killed a royal mummy
 54834 | Depths:2 | Noticed a royal mummy
 54842 | Depths:2 | Killed a royal mummy
 54906 | Depths:2 | Found the +7 sceptre of Torment {pain, torment}
 55089 | Depths:3 | Noticed a juggernaut
 55167 | Depths:3 | Found a transporter.
 55184 | Depths:3 | Found a transporter.
 55186 | Depths:3 | Found a transporter.
 55202 | Depths:3 | Noticed a juggernaut
 55203 | Depths:3 | Found a transporter.
 55203 | Depths:3 | Identified the ring "Coptalut" {rN+ MP+9 Str+3 Stlth-}
 55609 | Depths:3 | Noticed Norris
 55612 | Depths:3 | Killed Norris
 55613 | Depths:3 | Reached XP level 21. HP: 109/122 MP: 23/47
 56022 | Depths:4 | Entered Level 4 of the Depths
 57190 | Depths:4 | Noticed a golden dragon
 57196 | Depths:4 | Killed a golden dragon
 57246 | Depths:4 | Found a gate to the Realm of Zot.
 58387 | Elf:1    | Entered Level 1 of the Elven Halls
 59922 | Elf:2    | Identified the +6 trident "Zatrecui" {freeze, rPois Str+3}
 59924 | Elf:2    | Noticed Roxanne
 60106 | Elf:2    | Killed Roxanne
 60495 | Elf:2    | Found a runed translucent gate.
 60495 | Elf:2    | Found a runed translucent gate.
 60495 | Elf:2    | Found a runed translucent gate.
 60522 | Elf:3    | Entered Level 3 of the Elven Halls
 60871 | Elf:3    | Identified the +5 halberd of Exchange {flame, Str+2}
 60967 | Elf:3    | Reached skill level 15 in Air Magic
 61371 | Elf:3    | Reached XP level 22. HP: 127/127 MP: 32/48
 61871 | Elf:3    | Identified the ring "Cianaora" {rC+ rN+ Slay+3}
 62443 | Elf:3    | Identified the +3 orcbow "Ceyxan" {flame, rF+}
 62497 | Elf:3    | Got Welyapya's Folio of Formation and Rime
 62518 | Elf:3    | Got the Catalogue of the Evil Eye
 62777 | Elf:3    | Reached skill level 21 in Spellcasting
 63346 | Vaults:5 | Entered Level 5 of the Vaults
 63381 | Vaults:5 | Slain by an ironbound preserver

Illustrated notes

Levels and vault maps discovered:
D:1:      minmay_arrival_three_doors, layout_basic, dreamdust_princess_bridge
D:2:      layout_basic, hellmonk_ecumenical_altar_arch_garden, serial_shops,
          nicolae_diamond_shop
D:3:      layout_basic, uniq_robin
D:4:      layout_loops_ring, minmay_misc_feat_cross
D:5:      layout_cave_pools, nicolae_shop_unique_rings, nicolae_goblin_pals,
          uniq_eustachio
D:6:      layout_cave_pools, uniq_grinder, uniq_crazy_yiuf_cottage
D:7:      layout_gridville, nicolae_overflow_macrodata_refinement,
          minmay_temple_entry_stoned_glass, kennysheep_generic_room_10
D:8:      layout_basic, gammafunk_ghost_wrathful_warriors, nicolae_eternal_life,
          minmay_fractal_squares_diagonal_5
D:9:      layout_long_grid, david_orc_1_choice, minmay_misc_feat_more_columns
D:10:     layout_basic, nicolae_overflow_crystal_walls, serial_shops, shop,
          enter_bailey_3
D:11:     layout_roguey, lair_entry_dummy, uniq_josephine
D:12:     layout_gridville
D:13:     doesnt_quadruple_sword, layout_basic, hellmonk_vaults_order_and_chaos,
          uniq_erolcha
D:14:     layout_basic, gammafunk_ghost_cemetery
D:15:     gammafunk_enter_depths_forms, layout_loops_cross,
          nicolae_dithmenos_the_darkroom, lemuel_flamethrower_3, uniq_azrael
Temple:   minmay_crystal_spiral_temple
Lair:1:   layout_loops_ring, infiniplex_staircase_pool_2
Lair:2:   layout_gridlike, minmay_swamp_entry_worms, spider_nest_entry_a,
          nicolae_lair_liquid_snakes, grunt_megastairs_4, serial_bayou_shore_b
Lair:3:   layout_cave_pods, serial_bayou_shore_a
Lair:4:   layout_long_grid, dpeg_slime_entry_enclosed
Lair:5:   hellmonk_lair_end_abyssal_woods, layout_gridlike, basic_altar,
          ebering_ghost_disaster_area, nzn_masters_of_martial_movement
Swamp:1:  layout_basic_swamp, evilmike_swamp_ruin_house_2
Swamp:2:  layout_basic_swamp, nicolae_swamp_bean_lake
Swamp:3:  nicolae_swamp_secret_spriggan_hideout, layout_falls_marsh,
          ebering_ghost_funeral_grove, serial_swamp_ruin,
          evilmike_swamp_ruin_house_1, evilmike_swamp_ruin_house_4,
          hangedman_swamp_ruin_wall
Swamp:4:  swamp_alternative, layout_basic_swamp, swamp_pool_1_2,
          nicolae_swamp_spriggan_camp, uniq_aizul
Spider:1: layout_cave_pods
Spider:2: layout_spider_delve, hangedman_spider_tarantella_strand
Spider:3: layout_cave_pods
Spider:4: guppyfry_spider_rune
Orc:1:    layout_caves, ebering_ghost_disaster_area, mines2_david, uniq_snorg,
          uniq_urug
Orc:2:    grunt_orc_tribal_feast, layout_caves, gauntlet_entry_generic
Elf:1:    eino_elf_arrival_sip, layout_loops_corners, minivault_28
Elf:2:    elven_hall_of_blades_hangedman_original [mumra_blade_entry_dagger],
          layout_rooms, uniq_louise, uniq_roxanne
Elf:3:    minmay_elf_hall_circle, layout_onion_city,
          amcnicky_mini_corridor_feature, kennysheep_underground_church
Vaults:1: gammafunk_sealed_arena, nicolae_vaults_network_star,
          nicolae_vaults_house_3, nicolae_vaults_alarming,
          ontoclasm_vaults_ligature, ontoclasm_vaults_gateway,
          layout_vaults_omnigrid
Vaults:2: infiniplex_enter_wizlab_glasses, v_rooms_6, v_misc_13,
          hangedman_vaults_impose, v_pattern_2,
          nicolae_vaults_network_periphery, grunt_vaults_trifunnel, st_diamondy,
          nicolae_vaults_big_ls, nicolae_vaults_tetromino_L_1, serial_ice_m,
          nicolae_vaults_closet_pinwheel_5, nicolae_vaults_little_squares_6,
          vaults_dpeg_hooks, layout_vaults_ring, uniq_bai_suzhen
Vaults:3: v_rooms_2, minmay_crypt_entry_nasty_monster, nicolae_vaults_triangles,
          vaults_mumra_minichess, nicolae_vaults_network_quinsquares
          [nicolae_vaults_network_quincunx_subvault,
          nicolae_vaults_network_quincunx_subvault,
          nicolae_vaults_network_quincunx_subvault,
          nicolae_vaults_network_quincunx_subvault],
          nicolae_vaults_closet_pinwheel_3, hangedman_vaults_corner_blocks,
          v_misc_12, ontoclasm_vaults_idyll, nicolae_vaults_house_3,
          nicolae_vaults_gold_heap, nicolae_vaults_house_1,
          layout_vaults_big_cross, uniq_frederick
Vaults:4: hangedman_vaults_nails, nicolae_vaults_network_quincunx
          [nicolae_vaults_network_quincunx_subvault,
          nicolae_vaults_network_quincunx_subvault,
          nicolae_vaults_network_quincunx_subvault,
          nicolae_vaults_network_quincunx_subvault,
          nicolae_vaults_network_quincunx_subvault],
          nicolae_vaults_steering_wheel, nicolae_vaults_double_plus_3,
          nicolae_vaults_taking_the_gang_shopping,
          nicolae_vaults_yaktaur_gun_rack, v_alt_pattern_2,
          nicolae_vaults_shipping_containers_1,
          nicolae_vaults_trapezoid_lopsided_2, ontoclasm_vaults_misaligned,
          layout_vaults_maze
Vaults:5: serial_shops
Depths:1: layout_basic, grunt_pan_entry_zigzag,
          hangedman_abyss_or_decor_jellyfish_corner, hell_entry, minivault_22,
          nicolae_figureground_sparkle, serial_bayou_shore_b
Depths:2: minmay_guarded_unrand_sceptre_of_torment, layout_cave_pools,
          enter_ziggurat_d, serial_library_hellmonk_secret_room, hell_entry,
          grunt_pan_entry_sceptre, minmay_strange_pillars
Depths:3: gammafunk_the_bubble [the_bubble_gammafunk_roulette],
          layout_honeycomb, grunt_metal_band, abyss_entry, hangedman_decor_push,
          grunt_megastairs_2, infiniplex_staircase_spiral_double,
          uniq_josephina, uniq_norris
Depths:4: grunt_zot_entry_tricorne, layout_honeycomb, pf_hell_entry_tar_river,
          grunt_decor_arrowhead, nicolae_fountain_basement

Skill      XL: |  1  2  3  4  5  6  7  8  9 10 11 12 13 14 15 16 17 18 19 20 21 22 |
---------------+-------------------------------------------------------------------+-----
Stealth        | 3 4 |  4.0
Spellcasting   | 4 5 6 7 10 12 14 16 18 20 21 | 21.9
Conjurations   | 5 6 8 10 11 13 14 15 17 | 17.0
Hexes          | 2 4 5 |  5.0
Translocations | 3 |  3.0
Fighting       | 3 5 6 8 9 10 | 10.0
Dodging        | 5 9 14 15 16 17 19 20 | 20.0
Fire Magic     | 6 11 12 13 15 17 19 20 | 20.5
Air Magic      | 5 10 12 15 | 15.0
Poison Magic   | 6 9 |  9.0
Shields        | 2 3 |  3.7
Transmutations | 2 |  2.0
Summonings     | 3 11 14 15 | 15.0
Long Blades    | 3 4 |  4.4

Action                     |  1- 3 |  4- 6 |  7- 9 | 10-12 | 13-15 | 16-18 | 19-21 | 22-24 || total
---------------------------+-------+-------+-------+-------+-------+-------+-------+-------++-------
  Melee: Dagger            |       |       |     1 |       |       |       |       |       ||     1
         Staff             |       |       |       |     2 |       |       |       |       ||     2
   Cast: Magic Dart        |    46 |    63 |    83 |    63 |       |       |       |       ||   255
         Searing Ray       |     2 |    23 |    32 |    17 |     1 |       |       |       ||    75
         Fulminant Prism   |       |       |    42 |   144 |    23 |       |     1 |       ||   210
         Iskenderun's Myst |       |       |     5 |    12 |    24 |    14 |     6 |       ||    61
         Starburst         |       |       |       |    37 |    46 |       |       |       ||    83
         Plasma Beam       |       |       |       |     2 |   376 |   297 |   445 |    54 ||  1174
         Poisonous Vapours |       |       |       |       |    55 |    81 |     2 |     1 ||   139
         Ignite Poison     |       |       |       |       |    49 |    82 |    19 |     1 ||   151
         Olgreb's Toxic Ra |       |       |       |       |    29 |    58 |    35 |     3 ||   125
         Blink             |       |       |       |       |     1 |       |     1 |       ||     2
         Bombard           |       |       |       |       |       |     2 |    30 |     2 ||    34
         Spellforged Servi |       |       |       |       |       |    13 |    62 |    11 ||    86
         Ignition          |       |       |       |       |       |     1 |    24 |     5 ||    30
  Evoke: Sack of spiders   |       |       |       |       |     1 |       |       |       ||     1
    Use: Scroll            |       |     7 |     1 |     5 |    12 |    10 |       |       ||    35
         Potion            |       |       |       |     1 |       |     2 |       |     2 ||     5
 Armour: Robe              |     3 |     7 |    37 |    24 |    62 |    84 |    96 |    21 ||   334
  Dodge: Dodged            |     2 |    10 |    31 |    31 |    84 |    89 |   130 |    17 ||   394

Table legend: (Time is in decaauts)
 A = Elapsed time spent in this place.
 B = Non-inter-level travel time spent in this place.
 C = Inter-level travel time spent in this place.
 D = Time resting spent in this place.
 E = Time spent auto-exploring this place.
 F = Levels seen in this place.
 G = Mean time per level.
                   A        B        C        D        E       F      G
               +--------+--------+--------+--------+--------+-----+--------+
         Total |  63778 |  58355 |   5423 |  21343 |  27651 |  47 | 1357.0 |
       Dungeon |  19730 |  17250 |   2480 |   5434 |   8979 |  15 | 1315.3 |
        Temple |     26 |      2 |     24 |      0 |      0 |   1 |   26.0 |
          Lair |   7495 |   6989 |    506 |   2625 |   3349 |   5 | 1499.0 |
         Swamp |   3830 |   3570 |    260 |   1061 |   1892 |   4 |  957.5 |
   Spider Nest |   6778 |   6193 |    585 |   2681 |   2673 |   4 | 1694.5 |
  Orcish Mines |   2564 |   2120 |    444 |    727 |   1011 |   2 | 1282.0 |
   Elven Halls |   4578 |   4345 |    233 |   1387 |   2272 |   3 | 1526.0 |
        Vaults |   8123 |   7581 |    542 |   2577 |   3679 |   5 | 1624.6 |
        Depths |   6677 |   6332 |    345 |   3061 |   2656 |   4 | 1669.2 |
         Abyss |     38 |     38 |      0 |     21 |      0 |   1 |   38.0 |
        Bailey |   1167 |   1167 |      0 |    460 |    348 |   1 | 1167.0 |
        Wizlab |   1865 |   1865 |      0 |    779 |    598 |   1 | 1865.0 |
      Gauntlet |    899 |    899 |      0 |    530 |    192 |   1 |  899.0 |
               +--------+--------+--------+--------+--------+-----+--------+

Top non-repeatable levels by time:
Spider:3: 2442 daAuts
Vaults:2: 2434 daAuts
   Elf:3: 2412 daAuts
  Lair:5: 2411 daAuts
Depths:1: 2274 daAuts
Vaults:1: 2133 daAuts
Vaults:3: 1985 daAuts
  WizLab: 1865 daAuts
Depths:4: 1863 daAuts
  Lair:2: 1789 daAuts
   Orc:2: 1712 daAuts
     D:7: 1656 daAuts
Spider:2: 1654 daAuts
    D:14: 1577 daAuts
    D:13: 1574 daAuts
